 Dungeon Crawl Stone Soup version 0.23.2-33-g5129a83184 (webtiles) character file.

Game seed: 10771621524636552545

37 Derp the Slasher (level 3, 0/29 HPs)
             Began as a Demonspawn Berserker on July 22, 2019.
             Was an Initiate of Cheibriados.
             Slain by an adder (5 damage)
             ... on level 2 of the Dungeon.
             The game lasted 00:02:48 (1175 turns).

Derp the Slasher (Demonspawn Berserker)             Turns: 1175, Time: 00:02:48

Health: 0/29       AC:  2    Str: 19    XL:     3   Next: 21%
Magic:  3/3        EV: 12    Int:  9    God:    Cheibriados [......]
Gold:   57         SH:  0    Dex: 13    Spells: 2/2 levels left

rFire    . . .     SeeInvis .   a - +0 falchion
rCold    . . .     Gourm    .   (no shield)
rNeg     . . .     Faith    .   b - +0 animal skin
rPois    .         Spirit   .   (no helmet)
rElec    .         Reflect  .   (no cloak)
rCorr    .         Harm     .   (no gloves)
MR       .....                  (no boots)
Stlth    +.........             (no amulet)
HPRegen  0.09/turn              (no ring)
MPRegen  0.08/turn              (no ring)

@: lethally poisoned (0 -> -1), very slow
A: talons 1
a: Bend Time, Renounce Religion


You were on level 2 of the Dungeon.
You worshipped Cheibriados.
Cheibriados was noncommittal.
You were very hungry.

You visited 1 branch of the dungeon, and saw 2 of its levels.

You collected 57 gold pieces.

Inventory:

Hand Weapons
 a - a +0 falchion (weapon)
Armour
 b - a +0 animal skin (worn)
Scrolls
 d - 3 scrolls of identify {unknown}
 e - a scroll of fear {unknown}
 f - a scroll of fog {unknown}
 i - a scroll of teleportation {unknown}
 j - 2 scrolls of remove curse {unknown}
 l - a scroll of magic mapping {unknown}
 n - a scroll of enchant armour {unknown}
 r - 2 scrolls of random uselessness {unknown}
Potions
 g - a potion of lignification {unknown}
 h - a potion of brilliance {unknown}
 k - a potion of flight {unknown}
 m - a potion of agility {unknown}
 o - a potion of resistance {unknown}
 p - a potion of ambrosia {unknown}
 q - a potion of curing {unknown}
Comestibles
 c - 2 rations


   Skills:
 + Level 3.3 Fighting
 + Level 3.4 Long Blades
 + Level 2.0 Armour
 + Level 2.0 Dodging


You had 2 spell levels left.
You didn't know any spells.
Your spell library was empty.

Dungeon Overview and Level Annotations

Branches:
Dungeon (2/15)

Altars:
Cheibriados
Fedhas
Ru
Sif Muna


Innate Abilities, Weirdness & Mutations

You have sharp toenails.


Message History

You are poisoned.
The adder poisons you! The goblin closely misses you.
You riposte.
You closely miss the goblin. You claw the goblin.
The goblin is severely wounded.
The adder bites you but does no damage.
You feel sick. The adder closely misses you. The adder bites you.
You feel sick. The goblin hits you with a +0 club. The adder bites you.
There is a stone staircase leading up here.
You feel sick. The adder closely misses you. The adder barely misses you.
The goblin hits you but does no damage.
You feel sick. The adder barely misses you. The adder barely misses you.
The goblin hits you with a +0 club.
* * * LOW HITPOINT WARNING * * *
You feel sick. The adder barely misses you. The adder closely misses you.
You riposte.
You barely miss the adder. You claw the adder, but do no damage.
You feel sick. The adder bites you but does no damage. The adder bites you.
You die...

#.# .# #... #.# .# #... #.####.#
#... #.##...# ####... ##.#...#
#########......
...#...############..........._..
.....<........l...............8_.
..............gS.##..........._..
.........#######@.#..............
.######### ##.#..........#.## .
#..#####...#.#... # ##.##
#...#.#... #####..####...#.#...
#.............#.....
#............##...(.
#.........>..##....#
#######.#######.##.#


You could see an adder, a goblin and a frilled lizard.

Vanquished Creatures
  An ooze (D:2)
  A leopard gecko (D:1)
  5 bats
  2 giant cockroaches (D:1)
  2 goblins (D:1)
  4 hobgoblins
  A ball python (D:2)
  A frilled lizard (D:2)
  7 kobolds
  7 rats
31 creatures vanquished.

Notes
Turn   | Place    | Note
-------+----------+-------------------------------------------
     0 | D:1      | Derp the Demonspawn Berserker began the quest for the Orb.
     0 | D:1      | Reached XP level 1. HP: 18/18 MP: 1/1
   202 | D:1      | Gained mutation: You have sharp toenails. [demonic
                  | ancestry]
   202 | D:1      | Reached XP level 2. HP: 20/24 MP: 2/2
   834 | D:2      | Found a sacrificial altar of Ru.
   834 | D:2      | Found a deep blue altar of Sif Muna.
   834 | D:2      | Found a snail-covered altar of Cheibriados.
   851 | D:2      | Fell from the grace of Trog
   851 | D:2      | Became a worshipper of Cheibriados the Contemplative
   869 | D:2      | Found a blossoming altar of Fedhas.
  1005 | D:2      | Reached XP level 3. HP: 29/29 MP: 3/3
  1175 | D:2      | Slain by an adder

Skill      XL: |  1  2  3 |
---------------+----------+-----
Long Blades    | 3 |  3.4
Armour         | 2 |  2.0
Dodging        | 2 |  2.0
Fighting       | |  3.3

Action                   || total
-------------------------++-------
Melee: Falchion          ||    66
       Kick              ||    12
 Stab: Sleeping          ||     2
Armor: Animal skin       ||     6
Dodge: Dodged            ||    66
       Rpst.: Falchion   ||    19
